 Dungeon Crawl Stone Soup version 0.20-a0-12-g90c15da (webtiles) character file.

109 JeffiDaFish the Shield-Bearer (level 4, -11/29 HPs)
             Began as a Gargoyle Fighter on Nov 2, 2016.
             Killed from afar by a kobold (40 damage)
             ... with an exploding inner flame
             ... hexed by the player character
             ... on level 3 of the Dungeon.
             The game lasted 00:03:54 (1651 turns).

JeffiDaFish the Shield-Bearer (Gargoyle Fighter)    Turns: 1651, Time: 00:03:54

Health: -11/29     AC: 10    Str: 21    XL:     4   Next: 90%
Magic:  4/4        EV:  7    Int:  8    God:
Gold:   113        SH: 13    Dex:  9    Spells: 0 memorised, 3 levels left

rFire  . . .     SeeInvis .     a - +0 rapier
rCold  . . .     Gourm    .     b - +0 scale mail
rNeg   + . .     Faith    .     c - +0 shield
rPois  ∞         Spirit   .     (no helmet)
rElec  +         Reflect  +     (no cloak)
rCorr  +         Harm     .     (no gloves)
MR     .....                    (no boots)
Stlth  ..........               e - +4 amulet of reflection
                                (no ring)
                                l - ring of resist corrosion

@: no status effects
A: negative energy resistance 1, electricity resistance, unbreathing,
petrification resistance, rot immunity, AC +3
a: no special abilities


You were on level 3 of the Dungeon.
You were not hungry.

You visited 1 branch of the dungeon, and saw 3 of its levels.

You collected 113 gold pieces.

Inventory:

Hand Weapons
 a - a +0 rapier (weapon)
Armour
 b - a +0 scale mail (worn)
 c - a +0 shield (worn)
Jewellery
 e - a +4 amulet of reflection (around neck)
 l - a ring of resist corrosion (left hand)
Scrolls
 k - 5 scrolls of identify
Potions
 d - a potion of might
 o - a potion of resistance
Comestibles
 f - a bread ration
 g - 2 fruits
 h - 16 chunks of flesh
 i - a beef jerky
 j - a slice of pizza
 m - a meat ration


   Skills:
 + Level 3.8 Fighting
 + Level 3.1 Short Blades
 + Level 3.7 Armour
 + Level 0.7 Dodging
 + Level 4.0 Shields


You had 3 spell levels left.
You didn't know any spells.

Dungeon Overview and Level Annotations

Branches:
Dungeon (3/15)

Altars:
Nemelex Xobeh
Trog


Innate Abilities, Weirdness & Mutations

You are resistant to torment.
Your stone body is resilient. (AC +3)
You are immune to poison.
You resist negative energy. (rN+)
You are resistant to electric shocks. (rElec)
You can survive without breathing.
You are immune to petrification.
You are immune to rotting.


Message History

You butcher the orc corpse. x2
h - 15 chunks of flesh (gained 2);
h - 18 chunks of flesh (gained 3)
There is a stone staircase leading down here.
Things that are here:
a dagger; a morningstar; an orc skeleton Some of the chunks of flesh in your inventory have rotted away.
m - a meat ration
n - a scroll labeled DICWAU SYATOL
o - a potion of resistance A kobold comes into view.
The kobold shouts!
As you read the scroll labeled DICWAU SYATOL, it crumbles to dust.
The creatures around you are filled with an inner flame!
It was a scroll of immolation.
A kobold is nearby!
You puncture the kobold!
The kobold explodes!
The fiery explosion engulfs you!
Ouch! That really hurt!
You die...

##....###
#.......+
##....###
###.#.#
#.....#
#.#####
#.# #.#
#@# #.§§#
#.§.§.
#...###
#####


There were no monsters in sight!

Vanquished Creatures
  4 adders
  2 worms (D:2)
  3 dart slugs
  A leopard gecko (D:2)
  8 orcs (D:3)
  2 goblins (D:2)
  8 hobgoblins
  8 jackals
  3 kobolds
  A ball python (D:2)
  4 bats (D:3)
  4 frilled lizards
  5 rats
53 creatures vanquished.

Notes
Turn   | Place    | Note
-------+----------+-------------------------------------------
     0 | D:1      | JeffiDaFish the Gargoyle Fighter began the quest for the Orb.
     0 | D:1      | Reached XP level 1. HP: 14/14 MP: 1/1
   322 | D:1      | Reached XP level 2. HP: 19/19 MP: 2/2
   360 | D:1      | Found a sparkling altar of Nemelex Xobeh.
   645 | D:2      | Reached XP level 3. HP: 23/24 MP: 3/3
   961 | D:2      | Found a bloodstained altar of Trog.
  1026 | D:2      | Reached XP level 4. HP: 29/29 MP: 4/4
  1317 | D:3      | Reached skill level 4 in Shields
  1651 | D:3      | Killed from afar by a kobold

Vault maps used:
D:1:      dpeg_arrival_orchard, nemelex_diamond_rough_becter
D:2:      old_standard_altar

Skill      XL: |  1  2  3  4 |
---------------+-------------+-----
Short Blades   | 2 3 |  3.1
Shields        | 4 |  4.0
Fighting       | |  3.8
Armour         | |  3.7
Dodging        | |  0.7

Action                   |  1- 3 |  4- 6 || total
-------------------------+-------+-------++-------
Melee: Rapier            |    94 |   114 ||   208
  Use: Scroll            |     4 |     4 ||     8
       Potion            |     2 |       ||     2
  Eat: Chunk             |     1 |     2 ||     3
Armor: Scale mail        |    43 |    51 ||    94
Dodge: Dodged            |    21 |    21 ||    42
Block: Shield            |    47 |    77 ||   124
       Reflection        |     2 |       ||     2
